cohdb
Replays
Latest Replays
All Replays
Popular Replays
Top Player Replays
Match Explorer
How It Works
Community
CoH3 Stats
Reddit
Sign in to upload your games and track your stats! →
Sign in with Steam
Match 42135996
Unlisted
Match 42135996
Overview
Messages
Build Orders
End
Construct Infanterie Kompanie
Kettenkrad Recon Vehicle
Selects Terror Battlegroup
Selects Terror Battlegroup
Selects Terror Battlegroup
Selects Machine Gun Camouflage
Pioneer Squad
MG 42 Machine Gun Team
Grenadier Squad
Construct Panzergrenadier Kompanie
Panzergrenadier Squad
Pak 40 Anti-tank Gun Team
Panzergrenadier Officer Quarters
Support Elements
Selects Defend the Fatherland
Medical Station
StuG III G Assault Gun
Nebelwerfer 42 Rocket Launcher Team
Pioneer Squad
Sujy
سَۨفُـيٰانۨوٰس
0
0
Comments
sign in to comment!
No comments posted yet!